 Dungeon Crawl Stone Soup version 0.28-a0-1616-g050a50673c (webtiles) character file.

Game seed: 2524737037619402659

849 Hasart the Slasher (level 7, -8/61 HPs)
             Began as a Demigod Fighter on Jan 23, 2022.
             Killed from afar by a steam dragon (24 damage)
             ... with a ball of steam
             ... on level 6 of the Dungeon.
             The game lasted 00:07:01 (4817 turns).

Hasart the Slasher (Demigod Fighter)                Turns: 4817, Time: 00:07:02

Health: -8/61      AC: 11    Str: 17    XL:     7   Next: 41%
Magic:  9/9        EV:  8    Int: 10    God:
Gold:   181        SH:  5    Dex: 21    Spells: 6/6 levels left

rFire   . . .      SeeInvis .   a - +0 long sword
rCold   + . .      Faith    .   c - +0 buckler
rNeg    . . .      Spirit   .   b - +0 scale mail
rPois   .          Reflect  .   p - +0 helmet
rElec   .          Harm     .   i - +0 cloak
rCorr   .          Rampage  .   (no gloves)
Will    .....                   v - +1 pair of boots
Stlth   ..........              (no amulet)
HPRegen 0.20/turn               s - ring of protection from cold
MPRegen 0.11/turn               t - ring of flight

@: flying
A: high mp 1, forlorn, divine attributes
a: no special abilities


You were on level 6 of the Dungeon.
You visited 1 branch of the dungeon, and saw 6 of its levels.

You collected 181 gold pieces.

Inventory:

Hand Weapons
 a - a +0 long sword (weapon)
Missiles
 r - 2 boomerangs
 x - 9 poisoned darts (quivered)
Armour
 b - a +0 scale mail (worn)
 c - a +0 buckler (worn)
 i - a +0 cloak (worn)
 p - a +0 helmet (worn)
 v - a +1 pair of boots (worn)
Jewellery
 s - a ring of protection from cold (left hand)
 t - a ring of flight (right hand)
Scrolls
 h - 5 scrolls of identify {unknown}
 j - 2 scrolls of enchant armour {unknown}
 k - 2 scrolls of fear {unknown}
 m - a scroll of vulnerability {unknown}
 n - a scroll of immolation {unknown}
 w - a scroll of blinking {unknown}
 y - a scroll of teleportation {unknown}
Potions
 d - 3 potions of ambrosia {unknown}
 e - 3 potions of haste {unknown}
 f - 7 potions of curing
 g - a potion of magic {unknown}
 l - a potion of mutation {unknown}
 o - a potion of lignification {unknown}
 q - a potion of invisibility {unknown}
 u - 2 potions of brilliance {unknown}


   Skills:
 + Level 5.0 Fighting
 * Level 6.3 Long Blades
 + Level 2.5 Throwing
 - Level 2.6 Armour
 - Level 2.6 Shields


You had 6 spell levels left.
You didn't know any spells.
Your spell library contained the following spells:

 Spells                   Type           Power      Damage    Failure   Level
 Ozocubu's Armour         Ice            0%         N/A       99%         3
 Portal Projectile        Hex/Tloc       0%         N/A       99%         3
 Blade Hands              Tmut           0%         N/A       100%        5
 Excruciating Wounds      Necr           0%         N/A       100%        5
 Ozocubu's Refrigeration  Ice            0%         4d5       100%        7


Dungeon Overview and Level Annotations

Branches:
Dungeon (6/15)             Temple (0/1) D:4


Innate Abilities, Weirdness & Mutations

You have an increased reservoir of magic. (+10% MP)
You shall have no god before yourself.
Your divine heritage dramatically boosts your attributes as you level up.


Message History

Unknown command.
Things that are here:
a +0 mace; a +0 leather armour; an orc corpse Throw: 10 darts (poison)
Press: ? - help, Q - select action, (/) - cycle Shift-Dir - straight line, f/p - steam dragon
Aim: a steam dragon (steam, lightly wounded, poisoned, 65% to hit)
You throw a poisoned dart.
The poisoned dart hits the steam dragon.
The steam dragon looks even sicker.
The steam dragon is lightly wounded.
You closely miss the steam dragon.
The steam dragon is lightly wounded.
The steam dragon breathes steam at you. The ball of steam hits you!
You closely miss the steam dragon.
The steam dragon is lightly wounded.
You are engulfed in a cloud of scalding steam.
The steam dragon bites you but does no damage.
The steam dragon claws you but does no damage.
You slash the steam dragon!
The steam dragon is heavily wounded.
The steam dragon bites you but does no damage.
The steam dragon closely misses you.
You barely miss the steam dragon.
The steam dragon is heavily wounded.
The steam dragon breathes steam at you. The ball of steam hits you!
The steam dragon bites you.
* * * LOW HITPOINT WARNING * * *
The steam dragon claws you but does no damage.
You hit the steam dragon.
The steam dragon is severely wounded.
You block the steam dragon's attack. x3; The steam dragon claws you.
* * * LOW HITPOINT WARNING * * *
Unknown command.
You hit the steam dragon.
The steam dragon is severely wounded.
The steam dragon breathes steam at you. The ball of steam hits you!!
You die...

#.# #.# #.# .# #.#
#.# .# #.# #§# .#
#.# ####.. <. #.#
#..§.# .# ####
#.###.##.# .# ...#
#<......§#####.#.##
##.#
#####.##§@...(....#
#.#
###.##D###(#....#
#.#
#....).)§§.##.#.#
#.# #.#.##.##### .#
# #.#######.#.##.#
# #.#............#
#.#.#####.#.####
##.#.# #.#...
...#.# #.#####


You could see a steam dragon (poisoned, catching breath).

Vanquished Creatures
  Sigmund (D:2)
  A sky beast (D:5)
  A bullfrog (D:5)
  A scorpion (D:5)
  A water moccasin skeleton (D:4)
  4 hounds
  A centaur skeleton (D:6)
  4 orc wizards
  A killer bee zombie (D:6)
  A hound zombie (D:5)
  A howler monkey skeleton (D:4)
  5 adders
  3 ufetubi
  2 worms
  3 dart slugs
  13 orcs
  4 bats
  3 endoplasms
  4 giant cockroaches
  7 goblins
  5 hobgoblins
  4 jackals
  2 quokkas
  3 ball pythons
  3 frilled lizards
  4 kobolds
  5 rats
87 creatures vanquished.

Notes
Turn   | Place    | Note
-------+----------+-------------------------------------------
     0 | D:1      | Hasart the Demigod Fighter began the quest for the Orb.
     0 | D:1      | Reached XP level 1. HP: 18/18 MP: 3/3
   247 | D:1      | Reached skill level 2 in Long Blades
   544 | D:1      | Reached XP level 2. HP: 25/25 MP: 4/4
  1105 | D:2      | Noticed Sigmund
  1122 | D:2      | Killed Sigmund
  1123 | D:2      | Reached skill level 4 in Long Blades
  1123 | D:2      | Reached XP level 3. HP: 24/33 MP: 5/5
  1123 | D:2      | Reached XP level 4. HP: 29/40 MP: 6/6
  1123 | D:2      | Reached XP level 5. HP: 34/46 MP: 7/7
  2494 | D:4      | Reached skill level 5 in Long Blades
  2494 | D:4      | Reached XP level 6. HP: 41/52 MP: 8/8
  3011 | D:4      | Found a staircase to the Ecumenical Temple.
  3123 | D:5      | Entered Level 5 of the Dungeon
  3149 | D:5      | Reached skill level 1 in Throwing
  4227 | D:5      | Reached XP level 7. HP: 55/60 MP: 9/9
  4521 | D:5      | Reached skill level 6 in Long Blades
  4712 | D:6      | Reached skill level 5 in Fighting
  4804 | D:6      | Noticed a steam dragon
  4817 | D:6      | Killed from afar by a steam dragon

Illustrated notes

Levels and vault maps discovered:
D:1:      dpeg_arrival_another_circle, layout_rooms
D:2:      layout_loops_cross, uniq_sigmund
D:3:      layout_rooms, hellmonk_ecumenical_altar_lost_god,
          hangedman_decor_points
D:4:      layout_basic, mainiacjoe_overflow_small_starburst,
          minmay_temple_entry_fiery
D:5:      layout_rooms, mainiacjoe_overflow_brackets
D:6:      cheibrodos_helix_gallery, layout_loops_ring, lemuel_round_altar,
          uniq_pikel

Skill      XL: |  1  2  3  4  5  6  7 |
---------------+----------------------+-----
Long Blades    | 2 4 5 6 |  6.3
Fighting       | 3 4 5 |  5.0
Throwing       | 2 |  2.5
Armour         | |  2.6
Shields        | |  2.6

Action                   |  1- 3 |  4- 6 |  7- 9 || total
-------------------------+-------+-------+-------++-------
Melee: Long sword        |    99 |   227 |    66 ||   392
Throw: Boomerang         |       |     3 |       ||     3
       Dart              |       |       |     6 ||     6
  Use: Potion            |     1 |     1 |       ||     2
Armor: Scale mail        |    52 |   132 |    57 ||   241
Dodge: Dodged            |    46 |    69 |    25 ||   140
Block: Buckler           |    24 |    53 |    20 ||    97

Table legend: (Time is in decaauts)
 A = Elapsed time spent in this place.
 B = Non-inter-level travel time spent in this place.
 C = Inter-level travel time spent in this place.
 D = Time resting spent in this place.
 E = Time spent auto-exploring this place.
 F = Levels seen in this place.
 G = Mean time per level.
                   A        B        C        D        E       F      G
               +--------+--------+--------+--------+--------+-----+--------+
         Total |   4901 |   4787 |    114 |    258 |   3577 |   6 |  816.8 |
       Dungeon |   4901 |   4787 |    114 |    258 |   3577 |   6 |  816.8 |
               +--------+--------+--------+--------+--------+-----+--------+

Top non-repeatable levels by time:
     D:5: 1440 daAuts
     D:2: 945 daAuts
     D:1: 843 daAuts
     D:4: 767 daAuts
     D:3: 622 daAuts
     D:6: 282 daAuts
